 Dungeon Crawl Stone Soup version 0.29.1-13-g9f3cf754e1 (webtiles) character file.

Game seed: 10334255467630583517

58 Priul the Grave Robber (level 3, 0/19 HPs)
             Began as a Deep Elf Necromancer on Feb 8, 2023.
             Killed from afar by a white imp (13 damage)
             ... with a puff of frost
             ... summoned by Natasha
             ... on level 2 of the Dungeon.
             The game lasted 00:06:14 (2289 turns).

Priul the Grave Robber (Deep Elf Necromancer)       Turns: 2289, Time: 00:06:14

Health: 0/19       AC:  0    Str:  5    XL:     3   Next: 76%
Magic:  10/10      EV: 15    Int: 21    God:
Gold:   134        SH:  5    Dex: 15    Spells: 6/10 levels left

rFire   . . .      SeeInvis .   (weapon currently unavailable)
rCold   . . .      Faith    .   (shield currently unavailable)
rNeg    . . .      Spirit   .   (body armour currently unavailable)
rPois   .          Reflect  +   (helmet currently unavailable)
rElec   .          Harm     .   (cloak currently unavailable)
rCorr   .          Rampage  .   (gloves currently unavailable)
Will    .....                   (boots currently unavailable)
Stlth   ++........              q - amulet of reflection
HPRegen 0.06/turn               (ring currently unavailable)
MPRegen 0.12/turn               (ring currently unavailable)

@: pig-form, very quick
A: fast, no casting, small
a: no special abilities


You were on level 2 of the Dungeon.
You were a filthy swine.
You visited 1 branch of the dungeon, and saw 2 of its levels.

You collected 134 gold pieces.

Inventory:

Hand Weapons
 g - a +0 dagger of freezing
 k - a +0 sling (melded)
Armour
 a - a +0 robe (melded)
Jewellery
 h - a +4 ring of protection (melded)
 q - an amulet of reflection (around neck)
 s - a ring of ice
Wands
 m - a wand of flame (23) (quivered)
Scrolls
 c - a scroll of enchant armour {unknown}
 d - 2 scrolls of enchant weapon {unknown}
 e - 3 scrolls of identify {unknown}
 f - a scroll of poison {unknown}
 i - a scroll of summoning {unknown}
 j - a scroll of amnesia {unknown}
 p - a scroll of vulnerability {unknown}
Potions
 b - a potion of magic
 l - a potion of ambrosia {unknown}
 n - a potion of degeneration {unknown}
 o - a potion of curing {unknown}
 r - a potion of flight {unknown}


   Skills:
 + Level 2.6 Dodging
 + Level 2.5 Stealth
 + Level 4.1 Spellcasting
 + Level 5.9 Necromancy


You had 6 spell levels left.
You knew the following spells:

 Your Spells              Type           Power      Damage    Failure   Level
a - Necrotise             Necr           100%       1d9       1%          1
b - Vampiric Draining     Necr           29%        2d8       3%          3

Your spell library contained the following spells:

 Spells                   Type           Power      Damage    Failure   Level
 Animate Dead             Necr           29%        N/A       11%         4
 Agony                    Necr           29%        N/A       28%         5
 Iskenderun's Battlesphe  Conj           4%         2d6       97%         5
 Iron Shot                Conj/Erth      2%         9d2       100%        6
 Spellforged Servitor     Conj/Summ      2%         N/A       100%        7


Dungeon Overview and Level Annotations

Branches:
Dungeon (2/15)

Altars:

Shops:
D:2 ?

Annotations:
D:2 Natasha


Message History

Aim: Natasha, carrying a wand of polymorph (2) (45% to hit)
Fire: k) +0 sling
Press: ? - help, Shift-Dir - straight line, f - Natasha
Aim: Natasha, carrying a wand of polymorph (2) (45% to hit)
You shoot a sling bullet. The sling bullet hits Natasha.
Natasha is lightly wounded.
Natasha zaps a wand.
You turn into a filthy swine.
Your +0 sling melds into your body.
Your +0 robe melds into your body.
Your +4 ring of protection melds into your body.
Aiming: Throw Flame
Press: ? - help, Q - select action, (/) - cycle Shift-Dir - straight line, f/p - Natasha
Aim: Natasha, carrying a wand of polymorph (1) (lightly wounded, 60% to hit)
The puff of flame hits Natasha.
Natasha is heavily wounded.
Aiming: Throw Flame
Press: ? - help, Q - select action, (/) - cycle Shift-Dir - straight line, f/p - Natasha
Aim: Natasha, carrying a wand of polymorph (1) (heavily wounded, 60% to hit)
The puff of flame misses Natasha.
Aiming: Throw Flame
Press: ? - help, Q - select action, (/) - cycle Shift-Dir - straight line, f/p - Natasha
Aim: Natasha, carrying a wand of polymorph (1) (heavily wounded, 60% to hit)
The puff of flame hits Natasha.
Natasha is severely wounded.
Natasha howls an incantation.
Natasha glows brightly for a moment.
Bite: -) Teeth
Press: ? - help, Dir - move target, p - Natasha
Okay, then.
Aiming: Throw Flame
Press: ? - help, Q - select action, (/) - cycle Shift-Dir - straight line, f/p - Natasha
Aim: Natasha, carrying a wand of polymorph (1) (severely wounded, 60% to hit)
The puff of flame hits Natasha.
Natasha is almost dead.
Natasha claws you.
You see here an orb of light.
Natasha mumbles some strange words.
The white imp gestures at you. The puff of frost hits you!
Ouch! That really hurt!
You die...

#######.# #.####.#
#######'########.#....#
...............#.#.####
...............#h#.#
...............#.#.#
...............#5#.#
.......).......#.#.#
...............#.#.#
...............#h#.#
####''.....#####.#.###
...#.#.....# #.#...#
.....#.....# #.###.#
.....#.....# #.# #.#
.....#.....# #.# #.#
.....##+#### #.# #.#
..(..##.# #.# #.#
.....##'## #.# #.#


You could see Natasha and a white imp (summoned).

Vanquished Creatures
  Natasha (D:2)
  A dart slug (D:1)
  2 ball pythons
  2 endoplasms (D:1)
  4 giant cockroaches
  2 goblins
  2 hobgoblins
  2 quokkas
  4 bats (D:1)
  A frilled lizard (D:1)
  5 kobolds (D:1)
  2 rats (D:1)
28 creatures vanquished.

Vanquished Creatures (collateral kills)
  A frilled lizard (D:1)
1 creature vanquished.

Grand Total: 29 creatures vanquished

Notes
Turn   | Place    | Note
-------+----------+-------------------------------------------
     0 | D:1      | Priul the Deep Elf Necromancer began the quest for the Orb.
     0 | D:1      | Reached XP level 1. HP: 10/10 MP: 6/6
    89 | D:1      | Reached skill level 5 in Necromancy
   209 | D:1      | Reached XP level 2. HP: 15/15 MP: 6/8
  1393 | D:2      | Reached XP level 3. HP: 19/19 MP: 5/10
  1397 | D:2      | Learned a level 3 spell: Vampiric Draining
  1432 | D:2      | Found Cantiur's Magic Scroll Boutique.
  1484 | D:2      | Noticed Natasha
  1538 | D:2      | Killed Natasha
  2272 | D:2      | Noticed Natasha
  2289 | D:2      | Killed from afar by a white imp

Illustrated notes

Levels and vault maps discovered:
D:1:      dpeg_arrival_circle_labyrinth_a, layout_basic, st_stairs_12,
          hex_medium, serial_bayou_pond_a, minmay_misc_feat_nine_boxes,
          nicolae_concentric_dashed_squares_wild, dk_noncrumbling_2,
          serial_bayou_pond_b
D:2:      layout_basic, serial_shops, shop, uniq_natasha

Skill      XL: |  1  2  3 |
---------------+----------+-----
Necromancy     | 5 |  5.9
Spellcasting   | 4 |  4.1
Dodging        | |  2.6
Stealth        | |  2.5

Action                   || total
-------------------------++-------
 Fire: Sling             ||     1
 Cast: Necrotise         ||    43
       Vampiric Draining ||     2
Evoke: Wand              ||     4
Armor: Robe              ||     3
Dodge: Dodged            ||     4
